 Dungeon Crawl Stone Soup version 0.22.1-1-ga44c0e56f4 (webtiles) character file.

735 AlolanVulpixel the Caller (level 7, -10/51 HPs)
             Began as a Gnoll Summoner on Sept 20, 2018.
             Was a Believer of Sif Muna.
             Killed from afar by Pikel (23 damage)
             ... with a wand of acid (7)
             ... on level 5 of the Dungeon.
             The game lasted 00:18:49 (4898 turns).

AlolanVulpixel the Caller (Gnoll Summoner)          Turns: 4898, Time: 00:18:50

Health: -10/51     AC:  8    Str: 10    XL:     7   Next: 74%
Magic:  1/15       EV: 15    Int: 20    God:    Sif Muna [**....]
Gold:   195        SH:  0    Dex: 15    Spells: 6/17 levels left

rFire    . . .     SeeInvis .   e - +0 great sword
rCold    . . .     Gourm    .   (shield currently unavailable)
rNeg     . . .     Faith    .   l - +0 robe
rPois    .         Spirit   .   (no helmet)
rElec    .         Reflect  .   (no cloak)
rCorr    .         Harm     .   (no gloves)
MR       +....                  (no boots)
Stlth    +++.......             (no amulet)
HPRegen  0.17/turn              h - +6 ring of protection
MPRegen  0.14/turn              p - ring of protection from magic

@: divine energy
A: distributed training, fangs 1, strong nose
a: Stop Divine Energy, Renounce Religion


You were on level 5 of the Dungeon.
You worshipped Sif Muna.
Sif Muna was pleased with you.
You were full.

You visited 1 branch of the dungeon, and saw 5 of its levels.

You collected 195 gold pieces.

Inventory:

Hand Weapons
 b - a +0 halberd
 e - a +0 great sword (weapon)
Armour
 l - a +0 robe (worn)
Jewellery
 h - a +6 ring of protection (left hand)
 p - a ring of protection from magic (right hand)
Scrolls
 d - a scroll of enchant weapon {unknown}
 f - 3 scrolls of fear
 j - 7 scrolls of identify
 m - a scroll of magic mapping {unknown}
 n - 2 scrolls of noise {unknown}
 q - 4 scrolls of immolation {unknown}
Potions
 a - 2 potions of curing
 g - a potion of degeneration {unknown}
 i - a potion of mutation {unknown}
 k - a potion of haste
Comestibles
 c - 7 rations


   Skills:
 + Level 2.6 Fighting
 + Level 2.6 Short Blades
 + Level 2.6 Long Blades
 + Level 2.6 Axes
 + Level 2.6 Maces & Flails
 + Level 2.6 Polearms
 + Level 2.6 Staves
 + Level 2.6 Slings
 + Level 2.6 Bows
 + Level 2.6 Crossbows
 + Level 2.6 Throwing
 + Level 2.6 Armour
 + Level 5.3 Dodging
 + Level 5.0 Stealth
 + Level 2.6 Shields
 + Level 2.6 Unarmed Combat
 + Level 5.7 Spellcasting
 + Level 2.1 Conjurations
 + Level 2.1 Hexes
 + Level 2.1 Charms
 + Level 7.4 Summonings
 + Level 2.1 Necromancy
 + Level 2.1 Translocations
 + Level 2.1 Transmutations
 + Level 2.1 Fire Magic
 + Level 2.1 Ice Magic
 + Level 2.1 Air Magic
 + Level 2.1 Earth Magic
 + Level 2.1 Poison Magic
 + Level 2.9 Invocations
 + Level 2.6 Evocations


You had 6 spell levels left.
You knew the following spells:

 Your Spells              Type           Power        Failure   Level  Hunger
a - Summon Small Mammal   Summ           ####         1%          1    None
b - Call Imp              Summ           #####...     1%          2    None
c - Summon Ice Beast      Ice/Summ       ###.....     16%         4    ####...
d - Summon Lightning Spi  Summ/Air       ###.....     16%         4    ####...

Your spell library contained the following spells:

 Spells                   Type           Power        Failure   Level  Hunger
 Call Canine Familiar     Summ           #####...     1%          3    ##.....
 Magic Dart               Conj           ##..         4%          1    None
 Summon Guardian Golem    Hex/Summ       ###.....     4%          3    ##.....
 Blink                    Tloc           N/A          7%          2    None
 Slow                     Hex            ##......     7%          2    None
 Conjure Flame            Conj/Fire      ##......     14%         3    ##.....
 Mephitic Cloud           Conj/Pois/Air  ##......     14%         3    ##.....


Dungeon Overview and Level Annotations

Branches:
Dungeon (5/15)
 Temple: D:4-7

Altars:
Ashenzari
Gozag
Sif Muna
Yredelemnul

Annotations:
D:5 Pikel


Innate Abilities, Weirdness & Mutations

Your experience applies equally to all skills.
You have very sharp teeth.
Your uncanny sense of smell can sniff out nearby items.


Message History

The phantom blinks!
Your ice beast closely misses Pikel.
Your ice beast hits Pikel.
Your ice beast freezes Pikel!
Pikel hits you with a whip of flaming.
* * * LOW HITPOINT WARNING * * *
Pikel burns you.
* * * LOW HITPOINT WARNING * * *
Your ice beast hits Pikel but does no damage. x2
You barely miss Pikel.
Pikel is severely wounded.
You regain access to your magic.
Pikel completely misses you. The slave closely misses you.
The slave hits your ice beast. Pikel closely misses you.
Your ice beast barely misses Pikel.
Your ice beast hits Pikel but does no damage.
The slave misses you.
You catch the helpless Pikel completely off-guard!
You hit Pikel but do no damage.
Pikel is severely wounded.
Pikel zaps a wand.
The bolt of acid hits you!
You die...

#######...#
#....####.##
#.........#
#....# #..#
#........##
###### ##..
#........#
#..
#.######..#
...... #
#..# .......
#.######..#
#.......
..........#
+.......
#.######p@#
#......#


#..pppYK# ####...# W..8...####.Y# # ....... #..# ∆ ......S #..#.#### ####
.>....p W........#######... ...p... ##..#.#............. ......K
................... ...8.p# #.##.###.........). You could see Pikel, a phantom,
4 slaves and 2 friendly ice beasts.

Vanquished Creatures
  A centaur (D:5)
  An orc wizard (D:4)
  A worker ant (D:3)
  2 adders
  An ooze (D:2)
  2 dart slugs
  3 worms
  A leopard gecko (D:1)
  12 orcs
  9 bats
  3 giant cockroaches (D:1)
  6 goblins
  6 hobgoblins
  A jackal (D:2)
  A quokka (D:2)
  3 frilled lizards
  2 gnoll zombies (D:3)
  4 kobolds
  5 rats
64 creatures vanquished.

Vanquished Creatures (collateral kills)
  Menkaure (D:5)
  The ghost of Valentain the Sneak, an amateur OpEn (D:4)
  2 ogres
  2 scorpions
  A jelly (D:5)
  3 orc priests
  An orc wizard (D:4)
  Jessica (D:2)
  5 gnolls
  5 adders
  A worm (D:2)
  2 leopard geckos
  6 orcs
  2 goblins (D:1)
  2 hobgoblins
  8 jackals
  2 bats
  A frilled lizard (D:4)
  2 kobolds
  4 rats
52 creatures vanquished.

Grand Total: 116 creatures vanquished

Notes
Turn   | Place    | Note
-------+----------+-------------------------------------------
     0 | D:1      | AlolanVulpixel the Gnoll Summoner began the quest for the
                  | Orb.
     0 | D:1      | Reached XP level 1. HP: 13/13 MP: 6/6
   134 | D:1      | Reached XP level 2. HP: 19/19 MP: 7/7
   614 | D:1      | Reached skill level 5 in Spellcasting
   614 | D:1      | Reached XP level 3. HP: 24/25 MP: 2/9
  1058 | D:2      | Reached skill level 1 in Invocations
  1372 | D:2      | Reached skill level 1 in Fighting
  1372 | D:2      | Reached skill level 1 in Short Blades
  1372 | D:2      | Reached skill level 1 in Long Blades
  1372 | D:2      | Reached skill level 1 in Axes
  1372 | D:2      | Reached skill level 1 in Maces & Flails
  1372 | D:2      | Reached skill level 1 in Polearms
  1372 | D:2      | Reached skill level 1 in Staves
  1372 | D:2      | Reached skill level 1 in Slings
  1372 | D:2      | Reached skill level 1 in Bows
  1372 | D:2      | Reached skill level 1 in Crossbows
  1372 | D:2      | Reached skill level 1 in Throwing
  1372 | D:2      | Reached skill level 1 in Armour
  1372 | D:2      | Reached skill level 1 in Shields
  1372 | D:2      | Reached skill level 1 in Unarmed Combat
  1372 | D:2      | Reached skill level 1 in Evocations
  1453 | D:2      | Reached XP level 4. HP: 28/32 MP: 11/11
  1457 | D:2      | Learned a level 2 spell: Call Imp
  1462 | D:2      | Learned a level 4 spell: Summon Ice Beast
  1467 | D:2      | Learned a level 4 spell: Summon Lightning Spire
  1905 | D:2      | Noticed Jessica
  1919 | D:2      | Killed Jessica
  1919 | D:2      | Reached skill level 1 in Conjurations
  1919 | D:2      | Reached skill level 1 in Hexes
  1919 | D:2      | Reached skill level 1 in Charms
  1919 | D:2      | Reached skill level 1 in Necromancy
  1919 | D:2      | Reached skill level 1 in Translocations
  1919 | D:2      | Reached skill level 1 in Transmutations
  1919 | D:2      | Reached skill level 1 in Fire Magic
  1919 | D:2      | Reached skill level 1 in Ice Magic
  1919 | D:2      | Reached skill level 1 in Air Magic
  1919 | D:2      | Reached skill level 1 in Earth Magic
  1919 | D:2      | Reached skill level 1 in Poison Magic
  2482 | D:3      | Reached XP level 5. HP: 31/37 MP: 12/12
  2484 | D:3      | Found a faded altar of an unknown god.
  2493 | D:3      | Became a worshipper of Sif Muna the Loreminder
  2493 | D:3      | Reached * piety under Sif Muna
  2709 | D:3      | Found a basalt altar of Yredelemnul.
  2966 | D:4      | Noticed an ogre
  2979 | D:4      | Killed an ogre
  2979 | D:4      | Reached XP level 6. HP: 34/44 MP: 1/13
  3039 | D:4      | Reached skill level 5 in Dodging
  3604 | D:4      | Found a runed gate.
  3606 | D:4      | Found an opulent altar of Gozag.
  3608 | D:4      | Found a runed gate.
  3608 | D:4      | Found a runed gate.
  3608 | D:4      | Noticed Valentain's ghost (amateur OpEn)
  3632 | D:4      | Killed Valentain's ghost
  3979 | D:5      | Entered Level 5 of the Dungeon
  4022 | D:5      | Reached XP level 7. HP: 39/50 MP: 15/15
  4247 | D:5      | Found a shattered altar of Ashenzari.
  4252 | D:5      | Noticed Menkaure
  4261 | D:5      | Killed Menkaure
  4475 | D:5      | Reached ** piety under Sif Muna
  4866 | D:5      | Reached skill level 5 in Stealth
  4872 | D:5      | Noticed Pikel
  4898 | D:5      | Killed from afar by Pikel

Skill      XL: |  1  2  3  4  5  6  7 |
---------------+----------------------+-----
Spellcasting   | 5 |  5.7
Invocations    | 1 2 |  2.9
Fighting       | 1 2 |  2.6
Short Blades   | 1 2 |  2.6
Long Blades    | 1 2 |  2.6
Axes           | 1 2 |  2.6
Maces & Flails | 1 2 |  2.6
Polearms       | 1 2 |  2.6
Staves         | 1 2 |  2.6
Slings         | 1 2 |  2.6
Bows           | 1 2 |  2.6
Crossbows      | 1 2 |  2.6
Throwing       | 1 2 |  2.6
Armour         | 1 2 |  2.6
Shields        | 1 2 |  2.6
Unarmed Combat | 1 2 |  2.6
Evocations     | 1 2 |  2.6
Conjurations   | 1 2 |  2.1
Hexes          | 1 2 |  2.1
Charms         | 1 2 |  2.1
Necromancy     | 1 2 |  2.1
Translocations | 1 2 |  2.1
Transmutations | 1 2 |  2.1
Fire Magic     | 1 2 |  2.1
Ice Magic      | 1 2 |  2.1
Air Magic      | 1 2 |  2.1
Earth Magic    | 1 2 |  2.1
Poison Magic   | 1 2 |  2.1
Dodging        | 5 |  5.3
Stealth        | 5 |  5.0
Summonings     | |  7.4

Action                   |  1- 3 |  4- 6 |  7- 9 || total
-------------------------+-------+-------+-------++-------
Melee: Unarmed           |    43 |       |       ||    43
       Bite              |    18 |    10 |     5 ||    33
       Club              |   151 |    31 |       ||   182
       Spear             |       |    61 |       ||    61
       Halberd           |       |    53 |       ||    53
       Great sword       |       |    17 |    27 ||    44
 Cast: Summon Small Mamm |    25 |     2 |       ||    27
       Summon Ice Beast  |       |    17 |    10 ||    27
       Call Imp          |       |     1 |       ||     1
Invok: Divine Energy     |       |       |     1 ||     1
  Use: Scroll            |     4 |     1 |       ||     5
       Potion            |     1 |     1 |       ||     2
 Stab: Distracted        |     1 |     1 |     1 ||     3
       Sleeping          |     3 |    15 |     1 ||    19
  Eat: Ration            |     3 |     3 |       ||     6
       Chunk             |       |     2 |       ||     2
Armor: Chain mail        |    81 |       |       ||    81
       Ring mail         |    78 |       |       ||    78
       Robe              |       |    53 |     8 ||    61
Dodge: Dodged            |   158 |   135 |    33 ||   326
       Rpst.: Great sword |       |     5 |    11 ||    16
